 Dungeon Crawl Stone Soup version 0.25-a0-558-g78a2afb0af (webtiles) character file.

Game seed: 270626588052531462, levelgen mode: deterministic

20 Aggronaut the Vexing (level 2, -2/15 HPs)
             Began as a Vampire Enchanter on Feb 24, 2020.
             Slain by a hobgoblin (3 damage)
             ... on level 1 of the Dungeon on Feb 25, 2020.
             The game lasted 00:03:10 (1194 turns).

Aggronaut the Vexing (Vampire Enchanter)            Turns: 1194, Time: 00:03:11

Health: -2/15      AC:  3    Str:  7    XL:     2   Next: 58%
Magic:  5/5        EV: 12    Int: 17    God:
Gold:   26         SH:  0    Dex: 14    Spells: 2/5 levels left

rFire    . . .     SeeInvis +   a - +1 dagger
rCold    + + .     Gourm    .   (no shield)
rNeg     + + +     Faith    .   b - +1 robe
rPois    ∞         Spirit   .   (no helmet)
rElec    .         Reflect  .   (no cloak)
rCorr    .         Harm     .   (no gloves)
MR       .....                  (no boots)
Stlth    +++++.....             (no amulet)
HPRegen  0.00/turn              (no ring)
MPRegen  0.09/turn              (no ring)

@: bloodless
A: no food, fangs 3, see invisible, unbreathing
a: Revivify


You were on level 1 of the Dungeon.
You were bloodless.

You visited 1 branch of the dungeon, and saw 1 of its levels.

You collected 26 gold pieces.

Inventory:

Hand Weapons
 a - a +1 dagger (weapon)
Armour
 b - a +1 robe (worn)


   Skills:
 + Level 1.6 Short Blades
 - Level 2.1 Dodging
 + Level 4.8 Stealth
 - Level 2.0 Spellcasting
 * Level 5.2 Hexes


You had 2 spell levels left.
You knew the following spells:

 Your Spells              Type           Power        Failure   Level  Hunger
a - Corona                Hex            ###....      2%          1    N/A
b - Ensorcelled Hibernat  Hex/Ice        ##....       10%         2    N/A

Your spell library contained the following spells:

 Spells                   Type           Power        Failure   Level  Hunger
 Confusing Touch          Hex            ###.....     7%          3    N/A
 Tukima's Dance           Hex            ###.....     7%          3    N/A
 Dazzling Flash           Conj/Hex       ##....       21%         3    N/A

Dungeon Overview and Level Annotations

Branches:
Dungeon (1/15)

Altars:


Innate Abilities, Weirdness & Mutations

You do not eat.
You do not regenerate when monsters are visible.
You are frail without blood (-20% HP).
You can heal yourself when you bite living creatures.
You are immune to poison.
You have razor-sharp teeth.
You have supernaturally acute eyesight. (SInv)
You can survive without breathing.


Message History

The hobgoblin is severely wounded.
The hobgoblin hits you.
* * * LOW HITPOINT WARNING * * *
You hit the hobgoblin but do no damage.
The hobgoblin is heavily wounded.
The hobgoblin hits you.
* * * LOW HITPOINT WARNING * * *
You closely miss the hobgoblin.
The hobgoblin is heavily wounded.
The hobgoblin closely misses you.
You hit the hobgoblin.
The hobgoblin is severely wounded.
The hobgoblin barely misses you.
There is an open door here.
A goblin comes into view. It is wielding a +0 club.
There is a stone staircase leading down here.
Okay, then.
It was a potion of berserk rage.
You feel slightly irritated. The hobgoblin hits you.
You die...

.≈≈≈§≈....###..#.#
≈≈≈≈§§....# ##.#.#
≈≈≈§≈.....####.#.#
..≈§§.....##...#.#
..§§§........#...#
...≈§≈≈....§.##..#
..§§§≈≈≈≈....##..#
§§≈≈§≈≈§§≈≈...§..###########
§§§§≈≈≈§≈≈≈§§§§.@gK........#
§§.§.............#########.#
≈............§.§(.#
§..§§.#######.....# .......#
#.....# .......# ##+##.#
.......# .#
######.#######.##g#
....##..........#


You could see a hobgoblin, a goblin (sleeping) and a kobold.

Vanquished Creatures
  A dart slug (D:1)
  4 bats (D:1)
  A giant cockroach (D:1)
  2 goblins (D:1)
  2 hobgoblins (D:1)
  3 kobolds (D:1)
  A ball python (D:1)
  A frilled lizard (D:1)
  2 rats (D:1)
17 creatures vanquished.

Notes
Turn   | Place    | Note
-------+----------+-------------------------------------------
     0 | D:1      | Aggronaut the Vampire Enchanter began the quest for the
                  | Orb.
     0 | D:1      | Reached XP level 1. HP: 13/13 MP: 3/3
   331 | D:1      | Reached XP level 2. HP: 14/15 MP: 5/5
   340 | D:1      | Learned a level 2 spell: Ensorcelled Hibernation
   532 | D:1      | Reached skill level 5 in Hexes
  1194 | D:1      | Slain by a hobgoblin

Levels and vault maps discovered:
D:1:      onia_arrival_pentagram, layout_basic

Skill      XL: |  1  2 |
---------------+-------+-----
Hexes          | 5 |  5.2
Short Blades   | |  1.6
Dodging        | |  2.1
Stealth        | |  4.8
Spellcasting   | |  2.0

Action                   || total
-------------------------++-------
Melee: Dagger            ||    80
       Bite              ||     5
 Abil: Exsanguinate      ||     1
  Use: Scroll            ||     1
       Potion            ||     1
 Stab: Sleeping          ||     3
Armor: Robe              ||    21
Dodge: Dodged            ||    59

Table legend:
 A = Non-vault XP
 B = Vault XP
 C = Vault XP percentage of total XP
 D = Non-vault monster count
 E = Vault monster count
 F = Vault count percentage of total count
                 A         B        C        D         E       F
            +---------+---------+-------+---------+---------+-------
      Total |      29 |       0 |   0.0 |      17 |       0 |   0.0
            +---------+---------+-------+---------+---------+-------
        D:1 |      29 |       0 |   0.0 |      17 |       0 |   0.0
            +---------+---------+-------+---------+---------+-------
